 Dungeon Crawl Stone Soup version 0.30-a0-29-g142975f185 (webtiles) character file.

Game seed: 5315843490276706455

1682 pascalblue the Reanimator (level 8, -7/37 (41) HPs)
             Began as a Deep Elf Necromancer on Aug 24, 2022.
             Was an Initiate of Sif Muna.
             Mangled by a wight
             ... wielding a +4 war axe
              (9 damage)
             ... on level 8 of the Dungeon on Aug 26, 2022.
             The game lasted 00:30:01 (8485 turns).

pascalblue the Reanimator (Deep Elf Necromancer)    Turns: 8485, Time: 00:30:01

HP:   -7/37 (41)    AC:  3    Str:  5    XL:     8   Next: 71%
MP:   29/29         EV: 13    Int: 23    God:    Sif Muna [......]
Gold: 411           SH:  0    Dex: 15    Spells: 4/21 levels left

rFire   . . .      SeeInvis .    u - +2 flail (protect)
rCold   . . .      Faith    .    (no shield)
rNeg    . . .      Spirit   .    a - +1 robe
rPois   +          Reflect  .    (no helmet)
rElec   .          Harm     .    (no cloak)
rCorr   .          Rampage  .    (no gloves)
Will    +....                    (no boots)
Stlth   ++++......               (no amulet)
HPRegen 0.12/turn                f - ring "Roizif" {rPois Will+ Stlth+}
MPRegen 0.21/turn                v - ring of magical power

@: about to teleport, drained
A: no striking features
a: Renounce Religion


You were on level 8 of the Dungeon.
You worshipped Sif Muna.
Sif Muna was noncommittal.
You visited 2 branches of the dungeon, and saw 9 of its levels.

You collected 411 gold pieces.

Inventory:

Hand Weapons
 c - a +1 short sword
 u - a +2 flail of protection (weapon)
 w - a +3 falchion of freezing
Missiles
 r - 5 stones
 s - 2 poisoned darts
Armour
 a - a +1 robe (worn)
Jewellery
 f - the ring "Roizif" (left hand) {rPois Will+ Stlth+}
   (You acquired it on level 2 of the Dungeon)

   [ring of willpower]

   rPois:     It protects you from poison.
   Will:      It increases your willpower.
   Stlth:     It makes you more stealthy.
 n - a ring of protection from fire
 q - a ring of poison resistance
 v - a ring of magical power (right hand)
Wands
 l - a wand of mindburst (18)
 m - a wand of flame (8)
Scrolls
 g - a scroll of identify
 h - a scroll of enchant weapon
Potions
 b - a potion of magic
 d - 3 potions of mutation
 e - 2 potions of ambrosia
 i - 2 potions of flight
 j - 3 potions of haste
 k - a potion of might
 p - a potion of lignification
 t - a potion of attraction


   Skills:
 - Level 4.0 Dodging
 - Level 4.0 Stealth
 + Level 7.0 Spellcasting
 - Level 2.1 Conjurations
 - Level 2.3 Summonings
 * Level 8.9 Necromancy
 + Level 4.1 Air Magic
 + Level 4.4 Poison Magic


You had 4 spell levels left.
You knew the following spells:

 Your Spells              Type           Power      Damage    Failure   Level
a - Necrotise             Necr           100%       1d9       1%          1
b - Call Imp              Summ           18%        N/A       4%          2
c - Magic Dart            Conj           68%        1d6       3%          1
d - Mephitic Cloud        Conj/Pois/Air  24%        N/A       5%          3
e - Sublimation of Blood  Necr           49%        N/A       1%          2
f - Vampiric Draining     Necr           49%        2d9       1%          3
g - Agony                 Necr           49%        N/A       5%          5

Your spell library contained the following spells:

 Spells                   Type           Power      Damage    Failure   Level
 Animate Dead             Necr           49%        N/A       1%          4
 Slow                     Hex            32%        N/A       8%          1
 Wereblood                Tmut           8%         N/A       12%         2
 Airstrike                Air            13%        2d(2-18)  14%         4
 Summon Lightning Spire   Summ/Air       22%        N/A       21%         4
 Confusing Touch          Hex            8%         N/A       22%         3
 Lightning Bolt           Conj/Air       11%        1d24      52%         5
 Summon Hydra             Summ           9%         N/A       100%        7


Dungeon Overview and Level Annotations

Branches:
Dungeon (8/15)             Temple (1/1) D:4
   Lair: D:8-11

Altars:
Ashenzari
Cheibriados
Fedhas
Gozag
Hepliaklqana
Nemelex Xobeh
Qazlal
Ru
Sif Muna
Uskayaw
Wu Jian
Zin
The Shining One

Shops:
D:2 (!

Annotations:
D:3 1 runed translucent door, Iusername's ghost, amateur HuFi
D:5 3 runed translucent doors, AGayBaby's ghost, novice HOFi
D:7 1 runed translucent door, Adrian566's ghost, novice DsFi


Message History

What are your orders? t - Shout!
Orders for allies: a - Attack new target. r - Retreat! s - Stop attacking. g - Guard the area. f - Follow me.
Anything else - Cancel.
Gang up on whom?
Press: ? - help, Dir - move target, f - wight
Aim: a wight, wielding a +4 war axe and wearing a +0 robe (ally target) Attack!
The wight hits your orc skeleton with a +4 war axe!
Your orc skeleton is destroyed!
Aiming: Throw Flame
Press: ? - help, Shift-Dir - straight line, f - wight, p - wight
Aim: a wight, wielding a +0 spear and wearing a +0 robe (68% to hit)
The puff of flame hits the wight but does no damage.
The wight hits you with a +4 war axe!
Aiming: Throw Flame
Press: ? - help, Shift-Dir - straight line, f/p - wight
Aim: a wight, wielding a +0 spear and wearing a +0 robe (68% to hit)
The puff of flame misses the wight.
The puff of flame hits the wight.
The wight is lightly damaged.
The wight barely misses you. The wight hits you with a +4 war axe!
You feel drained. The wight attacks as you move away!
The wight completely misses you. The wight attacks as you move away!
The wight hits you with a +4 war axe!
* * * LOW HITPOINT WARNING * * *
You feel drained.
* * * LOW HITPOINT WARNING * * *
Aiming: Throw Flame
Press: ? - help, Shift-Dir - straight line, f - wight, p - wight
Aim: a wight, wielding a +0 spear and wearing a +0 robe (lightly damaged, 68% to hit)
The puff of flame hits the wight.
The wight is lightly damaged.
The wight hits you with a +4 war axe.
* * * LOW HITPOINT WARNING * * *
The wight barely misses you.
As you read the scroll of teleportation, it crumbles to dust.
You feel strangely unstable. The wight hits you with a +4 war axe!
You die...

#.#.#.#####)#
##.....# #.#
#..#.#.#####.#
#.....z......#
#..####.######
##z# #.# #z#
#.# #z# #.#
#@# #.# #.#
#.. #.# ###
#.# ### #)#
#.. #.# #.#
#.# #.# #.#
#.# #.# #.#


You could see 3 wights.

Vanquished Creatures
  Edmund (D:6)
  3 black bears
  2 ice beasts
  2 centaurs
  An ogre (D:4)
  A bullfrog (D:8)
  A scorpion (D:5)
  2 howler monkeys
  2 hounds
  An orc priest (D:5)
  An iguana (D:4)
  2 jellies
  2 orc wizards
  9 adders
  2 shadow imps (D:6)
  3 worms
  3 dart slugs
  14 orcs
  7 endoplasms
  A giant cockroach (D:1)
  6 goblins
  10 hobgoblins
  3 jackals (D:4)
  4 kobolds
  3 quokkas
  7 ball pythons
  6 bats
  3 frilled lizards
  5 rats
107 creatures vanquished.

Vanquished Creatures (collateral kills)
  A water moccasin (D:8)
  A black bear (D:6)
  A wight (D:8)
  An adder (D:4)
  2 ball pythons
  An endoplasm (D:2)
  A goblin (D:2)
  A hobgoblin (D:2)
9 creatures vanquished.

Grand Total: 116 creatures vanquished

Notes
Turn   | Place    | Note
-------+----------+-------------------------------------------
     0 | D:1      | pascalblue the Deep Elf Necromancer began the quest for the
                  | Orb.
     0 | D:1      | Reached XP level 1. HP: 10/10 MP: 6/6
   199 | D:1      | Reached skill level 5 in Necromancy
   199 | D:1      | Reached XP level 2. HP: 15/15 MP: 6/8
   202 | D:1      | Learned a level 2 spell: Call Imp
   204 | D:1      | Learned a level 1 spell: Magic Dart
   913 | D:1      | Found a faded altar of an unknown god.
  1183 | D:2      | Reached XP level 3. HP: 18/19 MP: 6/10
  1398 | D:2      | Found Kebbys's Distillery.
  1563 | D:2      | Reached skill level 1 in Summonings
  1799 | D:2      | Found Nuxuaj's Weapon Shoppe.
  2010 | D:2      | Identified a scroll of acquirement
  2010 | D:2      | Acquired the ring "Roizif" {rPois Will+ Stlth+}
  2059 | D:3      | Found a runed translucent door.
  2142 | D:3      | Reached skill level 1 in Conjurations
  2170 | D:3      | Reached XP level 4. HP: 19/24 MP: 5/11
  2177 | D:3      | Learned a level 3 spell: Mephitic Cloud
  2373 | D:3      | Upgraded the game from 0.30-a0-23-ge60ba3568b to
                  | 0.30-a0-29-g142975f185
  2396 | D:3      | Learned a level 2 spell: Sublimation of Blood
  2550 | D:3      | Found a snail-covered altar of Cheibriados.
  2718 | D:3      | Noticed Iusername's ghost (amateur HuFi)
  2998 | D:4      | Reached XP level 5. HP: 23/28 MP: 2/13
  3012 | D:4      | Learned a level 3 spell: Vampiric Draining
  3386 | D:4      | Noticed an ogre
  3398 | D:4      | Killed an ogre
  3399 | D:4      | Reached skill level 1 in Air Magic
  3399 | D:4      | Reached skill level 1 in Poison Magic
  3658 | D:4      | Found a staircase to the Ecumenical Temple.
  3673 | D:4      | Reached XP level 6. HP: 32/32 MP: 9/14
  4132 | Temple   | Entered the Ecumenical Temple
  4703 | D:5      | Entered Level 5 of the Dungeon
  4756 | D:5      | Reached skill level 6 in Necromancy
  4777 | D:5      | Reached skill level 5 in Spellcasting
  4965 | D:5      | Reached XP level 7. HP: 29/36 MP: 11/16
  5356 | D:5      | Found a runed translucent gate.
  5357 | D:5      | Found a runed translucent gate.
  5357 | D:5      | Noticed AGayBaby's ghost (novice HOFi)
  5377 | D:5      | Identified the +1 dagger "Roin" {vorpal, rPois Str+2}
  5377 | D:5      | Identified the +0 ring mail of Untold Secrets {rC- Str+3}
  5378 | D:5      | Found a runed translucent gate.
  5647 | D:5      | Found a sparkling altar of Nemelex Xobeh.
  5945 | D:6      | Reached skill level 7 in Necromancy
  6182 | D:6      | Noticed Edmund
  6524 | D:6      | Killed Edmund
  6525 | D:6      | Reached XP level 8. HP: 14/41 MP: 13/19
  6708 | D:6      | Reached skill level 8 in Necromancy
  6882 | D:6      | Learned a level 5 spell: Agony
  6994 | D:6      | Found a hide-covered altar of Uskayaw.
  7046 | D:7      | Found a runed translucent door.
  7047 | D:7      | Noticed Adrian566's ghost (novice DsFi)
  7827 | D:8      | Found a shimmering blue altar of Sif Muna.
  7827 | D:8      | Found a sacrificial altar of Ru.
  7830 | D:8      | Became a worshipper of Sif Muna the Loreminder
  8123 | D:8      | HP: 2/41 [centaur/puff of flame (12)]
  8443 | D:8      | Found a blossoming altar of Fedhas.
  8485 | D:8      | Mangled by a wight

Illustrated notes

Levels and vault maps discovered:
D:1:      nagdon_arrival_double_spiral, layout_basic,
          shapermc_ecumenical_altar_mp_vishouse
D:2:      layout_loops_ring, serial_shops,
          nicolae_shop_temple_entry_statues_fountains, shop, grunt_ministairs_6
D:3:      layout_rooms, nicolae_overflow_hidden_temple, ebering_ghost_sewer_d
D:4:      black_bear_nest_2, layout_loops_cross, minmay_temple_entry_glass
D:5:      layout_basic, mainiacjoe_overflow_brackets,
          biasface_ghost_orc_armoury, dk_rats_in_the_wall
D:6:      layout_rooms, nicolae_uskayaw_suspiria, uniq_edmund
D:7:      cheibrodos_fertilizer, layout_basic,
          grunt_temple_overflow_champion_of_chaos, okawaru_metal_pillars_1_2,
          ebering_ghost_reflecting_pool, minmay_fractal_squares_5, uniq_duvessa
D:8:      minmay_spotlight, layout_loops_ring, lightli_temple_of_fire,
          mainiacjoe_overflow_alcove_4, gammafunk_temple_overflow_pools,
          serial_glass, glass_columns_a, glass_columns_a, due_unseen_surprise,
          minmay_strange_pillars, item_on_display_a, the_hattery
Temple:   hellmonk_temple_two_chambers

Skill      XL: |  1  2  3  4  5  6  7  8 |
---------------+-------------------------+-----
Necromancy     | 5 6 7 8 |  8.9
Stealth        | 3 4 |  4.0
Summonings     | 1 2 |  2.3
Dodging        | 3 4 |  4.0
Conjurations   | 1 2 |  2.1
Spellcasting   | 4 5 6 7 |  7.0
Air Magic      | 1 3 4 |  4.1
Poison Magic   | 1 2 3 4 |  4.4

Action                   |  1- 3 |  4- 6 |  7- 9 || total
-------------------------+-------+-------+-------++-------
Melee: Short sword       |     7 |     2 |       ||     9
       Flail             |       |       |     1 ||     1
 Cast: Necrotise         |    66 |    90 |    82 ||   238
       Magic Dart        |    12 |     4 |    21 ||    37
       Vampiric Draining |       |     6 |     9 ||    15
       Mephitic Cloud    |       |     2 |     7 ||     9
       Call Imp          |       |     1 |    10 ||    11
       Sublimation of Bl |       |     1 |     1 ||     2
Evoke: Wand              |       |       |     3 ||     3
  Use: Scroll            |     9 |     1 |     9 ||    19
       Potion            |       |       |     2 ||     2
Armor: Robe              |     2 |     4 |    13 ||    19
Dodge: Dodged            |    14 |    23 |    36 ||    73

Table legend: (Time is in decaauts)
 A = Elapsed time spent in this place.
 B = Non-inter-level travel time spent in this place.
 C = Inter-level travel time spent in this place.
 D = Time resting spent in this place.
 E = Time spent auto-exploring this place.
 F = Levels seen in this place.
 G = Mean time per level.
                   A        B        C        D        E       F      G
               +--------+--------+--------+--------+--------+-----+--------+
         Total |   8515 |   8261 |    254 |   1452 |   5601 |   9 |  946.1 |
       Dungeon |   8413 |   8160 |    253 |   1452 |   5522 |   8 | 1051.6 |
        Temple |    101 |    101 |      0 |      0 |     79 |   1 |  101.0 |
               +--------+--------+--------+--------+--------+-----+--------+

Top non-repeatable levels by time:
     D:4: 1828 daAuts
     D:8: 1337 daAuts
     D:5: 1173 daAuts
     D:6: 1149 daAuts
     D:1: 1128 daAuts
     D:2: 963 daAuts
     D:3: 713 daAuts
     D:7: 119 daAuts
  Temple: 101 daAuts
